Cogmind - Beta 14 @@@ ROGUE MODE // 2024.09.29 @ 13:32:46 Player: ILikeVoltron Result: Destroyed by D-53 Grenadier with Mini Grenade Launcher Performance ------------- Evolutions (1) 500 Regions Visited (3) 600 Robots Destroyed (34) 170 Value Destroyed (547) 547 Prototype IDs (1) 20 Alien Tech Used (0) 0 Bonus (0) 0 TOTAL SCORE: 1837 Bonus ------- None Cogmind --------- Core Integrity 0/400 Matter 252/300 Energy 100/100 System Corruption 0% Temperature Cool (0) Movement Core (200) Ox3 Location -9/Mines Parts ------- > --- POWER (1) -------- (None) > --- PROPULSION (3) --- (None) > --- UTILITY (3) ------ Medium Storage Unit > --- WEAPON (2) ------- Mini Grenade Launcher > --- INVENTORY (10) --- Medium Matter Pod (100) Improved Terrain Scanner Seismic Detector Transport Network Coupler Light Armor Plating Light Assault Rifle Improved Light Cannon Mining Laser Peak State ------------ > --- POWER ------------ Cooled Ion Engine > --- PROPULSION ------- Hover Unit Hover Unit Hover Unit > --- UTILITY ---------- Medium Storage Unit Improved Terrain Scanner Terrain Scan Processor > --- WEAPON ----------- Light Assault Rifle Improved Light Cannon > --- INVENTORY -------- Hover Unit Hover Unit Medium Matter Pod Improved Terrain Scanner Seismic Detector Transport Network Coupler Light Armor Plating Light Assault Rifle Light Assault Rifle Mining Laser [Rating: 16] Favorites ----------- Power Light Ion Engine Engine Light Ion Engine Propulsion Aluminum Leg Treads Light Treads Leg Aluminum Leg Hover Unit Hover Unit Utility Small Storage Unit Device Seismic Detector Storage Small Storage Unit Processor Terrain Scan Processor Protection Light Armor Plating Weapon Light Assault Rifle Energy Gun Small Laser Ballistic Gun Light Assault Rifle Ballistic Cannon Improved Light Cannon Launcher Mini Grenade Launcher Special Weapon Mining Laser Build | -11 -10 -9 -9 ------- Run | Yrd Mat Mat Min Slots Evolved 2 | . . 2 . Power . | . . . . Propulsion 1 | . . 1 . Utility 1 | . . 1 . Weapon . | . . . . Parts Attached 34 | 3 23 6 2 Power 3 | . 2 1 . Engine 3 | . 2 1 . Core . | . . . . Reactor . | . . . . Propulsion 12 | 2 7 2 1 Treads 2 | 2 . . . Leg 4 | . 4 . . Wheel . | . . . . Hover 6 | . 3 2 1 Flight . | . . . . Utility 5 | 1 2 2 . Device 2 | 1 . 1 . Storage 1 | . 1 . . Processor 1 | . . 1 . Hackware . | . . . . Protection 1 | . 1 . . Artifact . | . . . . Weapon 14 | . 12 1 1 Energy Gun . | . . . . Energy Cannon . | . . . . Ballistic Gun 8 | . 8 . . Ballistic Cannon 1 | . . 1 . Launcher 1 | . . . 1 Special Weapon 4 | . 4 . . Impact Weapon . | . . . . Slashing Weapon . | . . . . Piercing Weapon . | . . . . Special Melee Weapon . | . . . . Unidentified Prototypes 1 | . . 1 . Parts Lost 13 | . 3 1 9 Power 3 | . 2 . 1 Propulsion 6 | . 1 1 4 Utility 2 | . . . 2 Weapon 2 | . . . 2 Highest Loss Streak 9 | . 1 1 9 To Critical Strikes . | . . . . Average Slot Usage (%) 98 | . 99 98 84 Engine 13 | . 13 11 8 Treads 7 | . 9 . . Leg 13 | . 17 . . Hover 7 | . . 31 23 Device 11 | . 12 11 9 Storage 13 | . 14 11 11 Processor 2 | . . 11 9 Protection 1 | . 1 . . Energy Gun 2 | . 3 . . Ballistic Gun 17 | . 19 11 11 Ballistic Cannon 2 | . . 10 9 Special Weapon 3 | . 4 . . Peak Build Rating 16 | 8 8 16 16 Average Rating 9 | 6 7 14 13 On Entrance 9 | 6 8 8 16 Naked Turns . | . . . . Heaviest Build 24 | 11 20 24 24 Greatest Support 40 | 40 40 18 18 Greatest Overweight (x) 1 | . 1 1 1 Average Overweight (x) . | . . . 1 Largest Inventory Capacity 10 | 8 10 10 10 Average Capacity 8 | 8 8 10 10 Most Carried 10 | 8 10 10 10 Average Carried 8 | 6 8 9 9 Final Capacity 10 | 8 10 10 10 Final Carried 10 | 8 10 9 8 Class Distribution -------------------- 91% | Mutant 8% | Scavenger-Mutant Dominant Class ---------------- Mutant | -10/Materials Mutant | -9/Materials Mutant | -9/Mines Resources | -11 -10 -9 -9 ----------- Run | Yrd Mat Mat Min Matter Collected 1039 | 265 490 248 36 Remotely . | . . . . Salvage Created 1005 | 218 585 202 . Parts 66 | 15 34 17 . Haulers Intercepted 5 | . 2 3 . Recyclers Shooed 2 | . . 2 . Parts Field Recycled . | . . . . Retrieved Matter . | . . . . Parts Self-Destructed . | . . . . Prevented . | . . . . Kills | -11 -10 -9 -9 ------- Run | Yrd Mat Mat Min Combat Hostiles Destroyed 13 | . 12 1 . Guns 13 | . 12 1 . Classes Destroyed 9 | 3 4 2 . Worker 3 | 2 . 1 . Builder 3 | . 2 1 . Tunneler 6 | 6 . . . Hauler 5 | . 2 3 . Recycler 2 | 1 . 1 . Operator 1 | . . 1 . Watcher 1 | . . 1 . Swarmer 2 | . 2 . . Grunt 11 | . 10 1 . Best Kill Streak 5 | 5 3 3 . Combat Bots Only 2 | . 2 1 . Max Kills in Single Turn 1 | 1 1 1 . Gunslinging . | . . . . Exploded . | . . . . Melee . | . . . . Uniques/NPCs Destroyed . | . . . . Combat | -11 -10 -9 -9 -------- Run | Yrd Mat Mat Min Hostile Shots Fired 144 | . 82 13 49 Missed 28 | . 16 2 10 Damage Taken 1851 | . 754 122 975 Core 594 | . 182 12 400 Absorbed by Shields . | . . . . Core Remaining (%) 63 | 100 27 . . Volleys Fired 191 | 35 94 58 4 Largest 2 | 2 2 2 2 Hottest 100 | 60 100 59 50 Shots Fired 325 | 70 156 92 7 Gun 240 | 70 133 34 3 Cannon 58 | . . 58 . Launcher 4 | . . . 4 Special 23 | . 23 . . Kinetic 263 | 35 133 92 3 Thermal 58 | 35 23 . . Explosive 4 | . . . 4 Electromagnetic . | . . . . Robot Hit Streak 13 | 8 13 9 9 Robot Miss Streak 7 | 6 7 4 2 Penetration Max . | . . . . Secondary Targets 2 | . 2 . . Max Gunslinging Chain 1 | . 1 . . Shots Hit Robots 170 | 41 79 46 4 Core Hits 76 | 15 36 18 7 Critical Kills . | . . . . Critical Parts Destroyed . | . . . . Critical Strikes 3 | . . 3 . Blast 3 | . . 3 . Melee Attacks . | . . . . Impact . | . . . . Slashing . | . . . . Piercing . | . . . . Sneak Attacks . | . . . . Combat Hostiles . | . . . . Follow-up Attacks . | . . . . Damage Inflicted 1934 | 395 705 746 88 Guns 1271 | 395 705 155 16 Cannons 591 | . . 591 . Explosions 64 | . . . 64 Melee . | . . . . Ramming 8 | . . . 8 Kinetic 1676 | 209 705 746 16 Thermal 186 | 186 . . . Explosive 64 | . . . 64 Electromagnetic . | . . . . Impact . | . . . . Slashing . | . . . . Piercing . | . . . . Highest Corruption 1 | . 1 . . Average Corruption 1 | . 1 . . Corruption Purged . | . . . . Corruption Blocked . | . . . . Effects 4 | . 4 . . Message Errors 3 | . 3 . . Matter Fused 1 | . 1 . . Overload Shots . | . . . . Overflow Damage 1 | . . 1 . Projectiles 1 | . . 1 . Explosions . | . . . . Melee . | . . . . Knockbacks 6 | . . 6 . Impact . | . . . . Kinetic 6 | . . 6 . Secondary . | . . . . Self-Inflicted Damage 3 | . . . 3 Shots . | . . . . Rammed 4 | . . . 4 Targets Rammed 4 | . . . 4 Kicked . | . . . . Crushed . | . . . . Highest Temperature 80 | 80 66 36 . Average Temperature 19 | 28 17 13 . Received Heat Transfer 553 | . 387 66 100 Siege Activations . | . . . . Robots Corrupted . | . . . . Combat Hostiles . | . . . . Parts Fried . | . . . . Impact Corruptions . | . . . . Robots Melted . | . . . . Combat Hostiles . | . . . . Parts Melted . | . . . . Heat Transferred 425 | 425 . . . Parts Sabotaged . | . . . . Parts Stolen . | . . . . Parts Stripped . | . . . . Power Chain Reactions . | . . . . Alert | -11 -10 -9 -9 ------- Run | Yrd Mat Mat Min Peak Influence 213 | 45 213 127 49 Initial 49 | . 29 48 49 Average 69 | 17 80 74 37 Maximum Alert Level 1 | . 1 . . Low Security (%) 98 | 100 97 100 100 Level 1 1 | . 2 . . Level 2 . | . . . . Level 3 . | . . . . Level 4 . | . . . . Level 5 . | . . . . High Security . | . . . . Max Security . | . . . . Squads Dispatched 1 | . 1 . . Investigation . | . . . . Extermination . | . . . . Reinforcement 1 | . 1 . . Assault . | . . . . Garrison . | . . . . Intercept . | . . . . Searches Triggered . | . . . . Construction Impeded . | . . . . Haulers Reinforced . | . . . . Active Scanning Responses . | . . . . Cargo Convoy Interrupts . | . . . . Stealth | -11 -10 -9 -9 --------- Run | Yrd Mat Mat Min Distress Signals 1 | . 1 . . Communications Jammed . | . . . . Distress Signals . | . . . . Times Spotted 36 | . 20 5 11 Peak Tracking Total 11 | . 5 2 11 Tactical Retreats 2 | . 2 . . Traps | -11 -10 -9 -9 ------- Run | Yrd Mat Mat Min Traps Triggered 2 | . 2 . . Indirectly . | . . . . Trap Hack Attempts . | . . . . Triggered . | . . . . Disarmed . | . . . . Reprogrammed . | . . . . Reused . | . . . . Traps Extracted . | . . . . Installed . | . . . . Triggered . | . . . . Machines | -11 -10 -9 -9 ---------- Run | Yrd Mat Mat Min Machines Disabled . | . . . . Max in Single Turn . | . . . . Machines Repaired . | . . . . Machines Dismantled . | . . . . Machines Sabotaged . | . . . . Overloaded Fab Kills . | . . . . Hacking | -11 -10 -9 -9 --------- Run | Yrd Mat Mat Min Machines Accessed 8 | . 7 1 . Terminals 8 | . 7 1 . Fabricators . | . . . . Repair Stations . | . . . . Recycling Units . | . . . . Scanalyzers . | . . . . Garrison Access . | . . . . Total Hacks 23 | . 22 1 . Successful 14 | . 14 . . Failed 9 | . 8 1 . Catastrophic 4 | . 3 1 . Database Lockouts . | . . . . Manual 12 | . 12 . . Terminals 23 | . 22 1 . Fabricators . | . . . . Repair Stations . | . . . . Recycling Units . | . . . . Scanalyzers . | . . . . Garrison Access . | . . . . Terminal Hacks 6 | . 6 . . Part Schematic 1 | . 1 . . Terminal Index 1 | . 1 . . Alert Level 1 | . 1 . . Locate Traps 1 | . 1 . . Hauler Manifests 1 | . 1 . . Zone Layout 1 | . 1 . . Fabricator Hacks . | . . . . Repair Station Hacks . | . . . . Recycling Unit Hacks . | . . . . Scanalyzer . | . . . . Garrison Access Hacks . | . . . . Unauthorized Hacks 8 | . 8 . . Terminals 8 | . 8 . . Track 1 | . 1 . . Botnet 1 | . 1 . . Skim 6 | . 6 . . Fabricators . | . . . . Repair Stations . | . . . . Recycling Units . | . . . . Scanalyzers . | . . . . Garrison Access . | . . . . Data Cores Recovered 1 | . . 1 . Used . | . . . . Hacking Detections 7 | . 6 1 . Full Trace Events . | . . . . Feedback Events . | . . . . Feedback Blocked . | . . . . Robot Schematics Acquired . | . . . . Robots Built . | . . . . Authchips . | . . . . Time . | . . . . Total Robot Build Rating . | . . . . Part Schematics Acquired 1 | . 1 . . Parts Built . | . . . . Authchips . | . . . . Time . | . . . . Total Part Build Rating . | . . . . Parts Repaired . | . . . . Time . | . . . . Parts Recycled . | . . . . Recycled Matter . | . . . . Retrieved Matter . | . . . . Retrieved Components . | . . . . Parts Scanalyzed . | . . . . Part Schematics Acquired . | . . . . Parts Damaged . | . . . . Bothacking | -11 -10 -9 -9 ------------ Run | Yrd Mat Mat Min Used RIF Installer . | . . . . Robots Hacked . | . . . . Non-combat . | . . . . Combat . | . . . . Robot Hacks Applied . | . . . . Relay Couplers Released . | . . . . Fabnet Peak Effective % . | . . . . Robots Rewired . | . . . . Allies Hacked . | . . . . Hacks Repelled . | . . . . Allies | -11 -10 -9 -9 -------- Run | Yrd Mat Mat Min Total Allies . | . . . . Largest Group . | . . . . Highest-Rated Group . | . . . . Highest-Rated Ally . | . . . . Total Orders . | . . . . Ally Attacks . | . . . . Total Damage . | . . . . Kills . | . . . . Allies Corrupted . | . . . . Allies Melted . | . . . . Intel | -11 -10 -9 -9 ------- Run | Yrd Mat Mat Min Robot Analysis Total . | . . . . Derelict Logs Recovered . | . . . . Drone Launches . | . . . . Drone Recoveries . | . . . . Exploration | -11 -10 -9 -9 ------------- Run | Yrd Mat Mat Min Turns Passed 1844 | 245 1245 276 78 Spaces Moved 898 | 81 651 118 48 Core . | . . . . Treads 297 | 81 216 . . Legs 409 | . 409 . . Wheels . | . . . . Hover 192 | . 26 118 48 Flight . | . . . . Fastest Speed 52 | 160 116 52 112 Average Speed 130 | 160 133 103 112 Slowest Speed 160 | 160 160 116 116 Overloaded Moves . | . . . . Propulsion Burnouts . | . . . . Robots Hopped . | . . . . Cave-ins Triggered . | . . . . Exploration Rate (%) 33 | 7 88 22 16 Regions Visited 3 Branch Regions 1 Pre-discovered Areas 2 | . 2 . . Known Exits Taken 1 | . 1 . . Unknown Exits Taken 2 | 1 . 1 . Scrap Searched 1 | . . . 1 Spaces Dug 27 | . 23 4 . Terrain Destroyed 43 | . 23 5 15 Melee . | . . . . Projectile 28 | . 23 5 . AOE 15 | . . . 15 Terrain Rammed . | . . . . Walls Destroyed . | . . . . Machines Disabled . | . . . . Actions | -11 -10 -9 -9 --------- Run | Yrd Mat Mat Min Total 1235 | 133 851 186 65 Wait 75 | 11 58 . 6 Move 895 | 80 650 117 48 Hop . | . . . . Pick Up 19 | 3 12 3 1 Fast Attach 4 | 1 2 1 . Attach 9 | . 4 3 2 Detach . | . . . . Swap 21 | 2 17 2 . Drop 17 | 1 14 2 . Fire 191 | 35 94 58 4 Melee . | . . . . Ram 4 | . . . 4 Kick . | . . . . Crush . | . . . . Escape Stasis . | . . . . Rewire . | . . . . Trap . | . . . . Miscellaneous . | . . . . Route ------- -11/Scrapyard -10/Materials (discovered 5 exits: *Mat x3 / *Min / Sub) -9/Materials (discovered 4 exits: Mat x3 / [*Min]) -9/Mines (discovered 2 exits: Mat x2) History --------- Turn | Location | Event 20 | -11/Scrapyard | Discovered new exit (range 3) 246 | -11/Scrapyard | Entered Materials 327 | -10/Materials | Build established: Mutant 536 | -10/Materials | Discovered new exit (range 5) 592 | -10/Materials | Discovered new exit (range 8) 746 | -10/Materials | Discovered new exit (range 11) 810 | -10/Materials | Learned location of 1 exit from Storage 851 | -10/Materials | Learned location of Subcaves (-10) 880 | -10/Materials | Learned Storage garrison access intel 900 | -10/Materials | Identified exit to Materials 900 | -10/Materials | Identified exit to Subcaves 912 | -10/Materials | Loaded intel: 1 repair station location 915 | -10/Materials | Learned location of 3 exits from Materials 921 | -10/Materials | Learned location of 2 exits from Mines 939 | -10/Materials | Identified exit to Mines 1005 | -10/Materials | Learned location of 1 exit from Storage 1394 | -10/Materials | Core integrity fell below 50% 1491 | -10/Materials | Entered another Materials area 1491 | -9/Materials | Evolved 2 slots: Propulsion x1, Utility x1 1492 | -9/Materials | Identified exit to Materials 1732 | -9/Materials | Discovered new exit (range 14) 1767 | -9/Materials | Entered Mines 1791 | -9/Mines | Assembled infested the area 1833 | -9/Mines | Core integrity fell below 50% 1839 | -9/Mines | Core integrity fell below 20% 1845 | -9/Mines | Destroyed by D-53 Grenadier with Mini Grenade Launcher Last Messages --------------- 01828_ Hover Unit destroyed. 01828_ C-30 ARC bursts open, deploying its payload. 01828_ D-53 Grenadier unfolds itself. 01829_ Cld. Ion Engine destroyed. 01830_ Terrain Scan Processor destroyed. 01830_ as-15267 destroyed. 01830_ as-81864 destroyed. 01830_ as-31230 destroyed. 01830_ as-31963 destroyed. 01830_ as-45249 destroyed. 01830_ Imp. Light Cannon destroyed. 01830_ as-24027 destroyed. 01832_ The unstable cave ceiling collapses. 01832_ as-24989 destroyed. 01832_ as-98967 destroyed. 01834_ Imp. Terrain Scanner destroyed. 01834_ as-15865 destroyed. 01839_ The unstable cave ceiling collapses. 01843_ Lgt. Assault Rifle destroyed. 01845_ The unstable cave ceiling collapses. Map ----- +----------------------------------------------------+ | ??????????????????????? ???????#?????#?#????## #?? | | ????????????????????????????#????#???#?????## #?# | | ?????????????????????? ??????? ??????????### #?? | | ???????????????????#?#???? ? ???#?#??#?### ] ### | | ????????????????#????????????#?#???????## #? | | ???????????????????#???????#???#??##???# #? | | ?????????????????????#????##?##?????#?## #? | | ????????????????#??????????? ????#????## # ## ##? | | ??????????????????????????? ? ?????##??# # #####?? | | ??????????????????????? ??? ????######## # #?????? | | ????????????????????????????????# ##???#? | | ??????????????????????????????### #########????#? | | ???????????##?#????#?????#???#?## ##???##??#????# | | ???????????????? ???#??####??#### #?????????#???? | | ?????????????????????##?????## #?###??#??????? | | ??????????????#????########### #####??#??????#???# | | ????????????#?##?????# ##????###?#???##??? | | ?????????????## ###?# ####### ####???#???????#??? | | ???????????? ## #???### #????####???#?????? | | ???????????? % ????## ##?##?????#??????#? | | ???????????? ###### #?###??####?#?????? | | ??????????? #??#?#?????#?##???? | | ??????????? #####?#?????#???#???? | | ?????????? d #?#????????###?????? | | ?????????? d ####???#???#?#?????? | | ????????? @ #?#???????#?????? | | ????????????????# # ###????#??##????? | | ????????????????## # ##??#???????????? | | ??????????????#??# #######??? ??#??????? | | ?????????????????##< ##??##???# ###???????? | | ??????????????????### ????? ?????#???????? | | ???????????? ???????## ???#????#??????????? | | ?????????????????????## ? ???#?????????????? | | ???????????????????#??# ## ?????????????????? | | ?????????????????????# ##?# ?????##??????????? | | ????????????????????#? #???# ?????#??#????????? | | ?????????????????????# #?????##?#??????????????? | | ?????????????????????## #??????#?????#???#???????? | | ??????????????????????###?????????#???#??????????? | | ??????????????????????#??????#???????????????????? | | ??????????????????????????????????????#??????????? | | | | | | | | | | | | | | | | | | | +----------------------------------------------------+ Best States ------------- Heat Dissipation 28 Energy Generation 14 Energy Capacity 280 Matter Stores 300 Matter Capacity 300 Sight Range 16 Terrain Scan Range 16 Terrain Scan Density 85 Armor Coverage 150 Evasion (%) 55 Recoil Reduction 2 Item Schematics ----------------- Med. Storage Unit | -10/Materials | Hacked Robot Schematics ------------------ None Fabricated ------------ Nothing Alien Tech Used ----------------- None Achievements -------------- None Challenges ------------ None Game ------ Seed ArchitectThermicExoskeleton Manual? 0 Play Time 00:24:05 Cumulative 176.3 hours Start 2024.09.29 @ 13:09:38 End 2024.09.29 @ 13:32:46 Sessions 1 Manual Loads 0 Difficulty Rogue Special Mode None Game No. 321 Rogue 317 Adventurer 0 Explorer 4 Win Type - Total 0 Types 0/0/0/0/0/0/0/0/0 Lore% 21 Gallery% 46 Achievement% 35 Wizard Run 0 Options --------- Layout 1 ASCII 0 Keyboard 1 Movement Arrows Keybinds 0 Fullscreen 1 Font 32/SmallcapsGlow Map View 130x35 Zoom Use 0% Tactical HUD 1 Map Filters NONE Filters NONE Steam 0 RUN: f8119550-c2c3-44e9-991a-7f553a16369a